AoeStats
← sueyroagustin

Arabia

508287404Analyzed
1v1 RM · 10d ago on Sep 21, 2026· 31m 34s· 2 players
Game mode
Random Map
Map size
Tiny (2 player)
Population
200
Speed
Normal
Resources
Standard
Victory
Conquest
Starting age
Dark Age
Ending age
Imperial Age
RankedLock teamsTeams togetherTeam positionsShared explorationLock speedFull tech treeHidden civsTurbo modeCheats
Victory
Defeat
🇩🇪 Mongols · Germany
1012
+15
🇦🇷 Teutons · Argentina
1000
-45
sueyroagustin
10:03 Feudal Age
Rackl Peter
8:35 Feudal Age
10:57 Loom
20:38 Castle Age
19:30 Bloodlines
23:38 Double-Bit Axe
24:45 Forging
26:07 Iron Casting
28:52 Bow Saw
Connection lost

Rejoining the realm…

Still unreachable

The connection could not be restored.

Session expired

The server has moved on; the page needs a fresh start.